 Dungeon Crawl Stone Soup version 0.29-a0-559-g359e09b9d1 (webtiles) character file.

Game seed: 2581346780942798450

129 Hubjo the Insei (level 4, -4/51 HPs)
             Began as a Demonspawn Transmuter on June 10, 2022.
             Slain by Sigmund
             ... wielding a +0 scythe
              (5 damage)
             ... on level 3 of the Dungeon.
             The game lasted 00:03:37 (2487 turns).

Hubjo the Insei (Demonspawn Transmuter)             Turns: 2487, Time: 00:03:38

Health: -4/51      AC: 22    Str:  9 (10) XL:     4   Next: 88%
Magic:  7/7        EV:  2    Int: 12 (14) God:
Gold:   164        SH:  0    Dex: 13 (16) Spells: 7/8 levels left

rFire   . . .      SeeInvis .     - Unarmed
rCold   . . .      Faith    .   (no shield)
rNeg    . . .      Spirit   .   (body armour currently unavailable)
rPois   +          Reflect  .   (helmet currently unavailable)
rElec   .          Harm     .   (cloak currently unavailable)
rCorr   .          Rampage  .   (gloves currently unavailable)
Will    .....      NoTele   +   (boots currently unavailable)
Stlth   ++........              (no amulet)
HPRegen 0.17/turn               (no ring)
MPRegen 0.10/turn               (no ring)

@: tree-form, weak-willed, attractive
A: stationary, stasis, torment immunity, boosted hp, ignite blood 1
a: no special abilities


You were on level 3 of the Dungeon.
You were a tree.
You visited 1 branch of the dungeon, and saw 3 of its levels.

You collected 164 gold pieces.

Inventory:

Armour
 a - a +0 robe (melded)
Scrolls
 c - a scroll of enchant armour
Potions
 b - a potion of lignification
 h - a potion of attraction


   Skills:
 + Level 2.4 Fighting
 - Level 1.7 Dodging
 + Level 1.7 Stealth
 + Level 3.2 Unarmed Combat
 + Level 2.5 Spellcasting
 * Level 2.8 Transmutations


You had 7 spell levels left.
You knew the following spells:

 Your Spells              Type           Power      Damage    Failure   Level
a - Beastly Appendage     Tmut           16%        N/A       9%          1

Your spell library contained the following spells:

 Spells                   Type           Power      Damage    Failure   Level
 Wereblood                Tmut           8%         N/A       12%         2
 Blink                    Tloc           2%         N/A       36%         2
 Scorch                   Fire           2%         2d5       36%         2
 Spider Form              Tmut/Pois      4%         N/A       41%         3
 Ice Form                 Ice/Tmut       4%         N/A       82%         4
 Flame Wave               Conj/Fire      1%         2d4       95%         4
 Manifold Assault         Tloc           1%         N/A       100%        5
 Summon Cactus Giant      Summ           0%         N/A       100%        6
 Storm Form               Tmut/Air       2%         N/A       100%        7


Dungeon Overview and Level Annotations

Branches:
Dungeon (3/15)

Altars:

Annotations:
D:3 Sigmund


Innate Abilities, Weirdness & Mutations

You are a tree.
Your roots penetrate the ground, keeping you stationary.
You cannot be teleported.
You are immune to unholy pain and torment.
Your maximum health is greatly increased.
Your equipment is partially melded.
Your demonic aura sometimes causes spilled blood to erupt in flames.


Message History

You kill the orc!
Something hits you but does no damage. Something is attracted toward you.
You cannot move.
You cannot move.
You swing at nothing.
You swing at nothing.
You hear some strange, mumbled words.
A puff of flame appears from out of thin air!
The puff of flame hits you but does no damage.
You cannot move.
Unknown command.
Unknown command.
You cannot move.
Unknown command.
As you read the scroll labelled WEIDUH DIZIOD, it crumbles to dust.
You hear a loud clanging noise!
It was a scroll of noise.
You hear a shout!
You hear some strange, mumbled words.
Something tries to affect you, but you resist.
This is a scroll of acquirement!
Something appears at your feet! Something completely misses you.
Unknown command.
Unknown command.
Unknown command.
Unknown command.
You cannot move.
You swing at nothing.
Something hits you but does no damage.
You swing at nothing.
As you read the scroll of vulnerability, it crumbles to dust.
Magic quickly surges around you. Something hits you.
* * * LOW HITPOINT WARNING * * *
Casting: Beastly Appendage (safe; 9% risk of failure)
Confirm with . or Enter, or press ? or * to list all spells.
You are stuck in your current form!
You cannot move.
You cannot move.
You cannot move.
You cannot move.
Something hits you.
You die...

....... ....... ...... .....
... ...# .... ##..#
.......##+# ....#######){##
##..⌠......#
#........#♣).##+..........#
##............#..P.........
##................≈≈P.......
..................PP......#.
#.....)....................
#.......................#
#..........###......)...#
##........## ##........##
#..........# ##........##


There were no monsters in sight!

Vanquished Creatures
  An orc priest (D:3)
  An iguana (D:2)
  2 adders (D:2)
  A worm (D:3)
  A dart slug (D:1)
  5 orcs (D:3)
  8 bats
  3 endoplasms
  A giant cockroach (D:1)
  4 goblins
  4 hobgoblins (D:1)
  2 kobolds
  A quokka (D:3)
  2 ball pythons (D:1)
  3 frilled lizards
  9 rats
48 creatures vanquished.

Notes
Turn   | Place    | Note
-------+----------+-------------------------------------------
     0 | D:1      | Hubjo the Demonspawn Transmuter began the quest for the
                  | Orb.
     0 | D:1      | Reached XP level 1. HP: 15/15 MP: 3/3
   237 | D:1      | Gained mutation: Your demonic aura sometimes causes spilled
                  | blood to erupt in flames. [demonic ancestry]
   237 | D:1      | Reached XP level 2. HP: 21/21 MP: 3/5
  1088 | D:2      | Reached skill level 1 in Stealth
  1088 | D:2      | Reached skill level 3 in Unarmed Combat
  1088 | D:2      | Reached XP level 3. HP: 19/27 MP: 4/6
  1698 | D:2      | Reached XP level 4. HP: 32/33 MP: 5/7
  1957 | D:2      | Found a faded altar of an unknown god.
  2462 | D:3      | Noticed Sigmund
  2483 | D:3      | Identified a scroll of acquirement
  2483 | D:3      | Acquired 658 gold pieces
  2486 | D:3      | HP: 1/51 [something (4)]
  2487 | D:3      | Slain by Sigmund

Illustrated notes

Levels and vault maps discovered:
D:1:      lemuel_arrival_rhombus, layout_loops_ring
D:2:      layout_loops_ring, basic_ecumenical_altar
D:3:      layout_rooms, tso_oasis_becter, st_stairs_5, dk_noncrumbling_2,
          kennysheep_generic_room_10, uniq_sigmund

Skill      XL: |  1  2 |
---------------+-------+-----
Transmutations | 2 |  2.8
Fighting       | 2 |  2.4
Stealth        | 1 |  1.7
Unarmed Combat | 3 |  3.2
Dodging        | |  1.7
Spellcasting   | |  2.5

Action                   |  1- 3 |  4- 6 || total
-------------------------+-------+-------++-------
Melee: Unarmed           |    79 |    53 ||   132
       Kick              |    25 |     8 ||    33
       Headbutt          |    12 |     3 ||    15
       Punch             |       |     2 ||     2
 Cast: Beastly Appendage |    23 |     6 ||    29
  Use: Scroll            |       |     5 ||     5
       Potion            |       |     5 ||     5
 Stab: Sleeping          |     4 |     1 ||     5
Armor: Robe              |    17 |     9 ||    26
       Skin              |       |    19 ||    19
Dodge: Dodged            |    39 |    45 ||    84

Table legend: (Time is in decaauts)
 A = Elapsed time spent in this place.
 B = Non-inter-level travel time spent in this place.
 C = Inter-level travel time spent in this place.
 D = Time resting spent in this place.
 E = Time spent auto-exploring this place.
 F = Levels seen in this place.
 G = Mean time per level.
                   A        B        C        D        E       F      G
               +--------+--------+--------+--------+--------+-----+--------+
         Total |   2478 |   2361 |    117 |      0 |   2006 |   3 |  826.0 |
       Dungeon |   2478 |   2361 |    117 |      0 |   2006 |   3 |  826.0 |
               +--------+--------+--------+--------+--------+-----+--------+

Top non-repeatable levels by time:
     D:2: 1105 daAuts
     D:1: 1004 daAuts
     D:3: 369 daAuts
